 Dungeon Crawl Stone Soup version 0.24-a0-169-g71aafec (webtiles) character file.

Game seed: 16960580115282040484

30 emperorscorpion the Poker (level 3, -4/30 HPs)
             Began as a Merfolk Berserker on Mar 6, 2019.
             Was a Believer of Trog.
             Killed from afar by an orc wizard (8 damage)
             ... with a puff of frost
             ... on level 4 of the Dungeon on Mar 7, 2019.
             The game lasted 00:02:58 (790 turns).

emperorscorpion the Poker (Merfolk Berserker)        Turns: 790, Time: 00:02:59

Health: -4/30      AC:  5    Str: 18    XL:     3   Next: 20%
Magic:  3/3        EV: 13    Int:  6    God:    Trog [**....]
Gold:   50         SH:  0    Dex: 13    Spells: 2/2 levels left

rFire    . . .     SeeInvis .   a - +0 spear
rCold    . . .     Gourm    .   (no shield)
rNeg     . . .     Faith    .   k - +0 leather armour
rPois    .         Spirit   .   (no helmet)
rElec    .         Reflect  .   j - +1 cloak
rCorr    .         Harm     .   (no gloves)
MR       .....                  (no boots)
Stlth    +.........             (no amulet)
HPRegen  0.10/turn              (no ring)
MPRegen  0.08/turn              (no ring)

@: berserk cooldown, hasted and slowed
A: change form in water, swift swim, stealthy swim
a: Berserk, Trog's Hand, Renounce Religion


You were on level 4 of the Dungeon.
You worshipped Trog.
Trog was pleased with you.
You were not hungry.

You visited 1 branch of the dungeon, and saw 4 of its levels.

You collected 50 gold pieces.

Inventory:

Hand Weapons
 a - a +0 spear (weapon)
Armour
 b - a +0 animal skin
 j - a +1 cloak (worn)
 k - a +0 leather armour (worn)
Jewellery
 f - an uncursed ring of stealth {unknown}
Scrolls
 d - 3 scrolls of remove curse {unknown}
 g - a scroll of random uselessness {unknown}
 h - a scroll of teleportation {unknown}
 l - a scroll of magic mapping {unknown}
 m - a scroll of blinking {unknown}
Potions
 i - a potion of brilliance {unknown}
 o - 2 potions of cancellation {unknown}
Comestibles
 c - 5 rations


   Skills:
 + Level 3.8 Fighting
 + Level 5.2 Polearms
 + Level 1.6 Armour
 + Level 2.9 Dodging
 + Level 0.2 Stealth


You had 2 spell levels left.
You didn't know any spells.
Your spell library was empty.

Dungeon Overview and Level Annotations

Branches:
Dungeon (4/15)
 Temple: D:4-7

Altars:


Message History

A gnoll comes into view. It is wielding a +0 spear.
Found a scroll labeled VYLEAN JIUWNOCH.
An orc and a phantom come into view.
The gnoll shouts!
Found a scroll labeled ONKANAI KENA and a sedimented sapphire potion. 3 orcs come into view.
The orc shouts! x3
An orc wizard comes into view. It is wielding a +0 dagger.
The phantom completely misses you.
The orc moves out of view. x2
The phantom hits you! The phantom hits you!
* * * LOW HITPOINT WARNING * * *
The phantom blinks!
The phantom blinks!
Found a scroll labeled UTHRARR VIRUO.
It was a potion of haste.
You feel yourself speed up.
The orc wizard shouts!
You hear a shout!
The orc wizard points at you and mumbles some strange words.
The puff of frost hits you!
You die...

?# #. .... #. ....##.
#...#.###..#
.......######......#....
.....!....#.............
.......W..##......g.....
.....?....##............
........o..g............
.......@#..####.........
.......###og##..........
...o... #...............
...#... ##...##.........
#. #......o.##.........)
. #......o#.###.#......
##........# ..##.?...
#...o..... ..# .....
.............# .....


You could see a phantom, an orc wizard, a gnoll and an orc.

Vanquished Creatures
  3 leopard geckos
  3 orcs (D:3)
  2 bats
  2 giant cockroaches (D:1)
  A goblin (D:1)
  2 hobgoblins (D:1)
  A kobold (D:3)
  3 frilled lizards (D:1)
  7 rats
24 creatures vanquished.

Notes
Turn   | Place    | Note
-------+----------+-------------------------------------------
     0 | D:1      | emperorscorpion the Merfolk Berserker began the quest for
                  | the Orb.
     0 | D:1      | Reached XP level 1. HP: 18/18 MP: 1/1
     0 | D:1      | Upgraded the game from 0.24-a0-164-g56e1b8f to
                  | 0.24-a0-169-g71aafec
   155 | D:1      | Reached XP level 2. HP: 7/24 MP: 2/2
   643 | D:2      | Reached skill level 5 in Polearms
   745 | D:3      | Reached XP level 3. HP: 25/30 MP: 3/3
   765 | D:3      | Reached ** piety under Trog
   784 | D:4      | Noticed a phantom
   790 | D:4      | Killed from afar by an orc wizard

Levels and vault maps discovered:
D:1:      scummos_arrival_simple_fountains, layout_loops_ring,
          wad_floor_pattern_2, minmay_rat_gold_closets
D:2:      layout_rooms
D:3:      layout_rooms, serial_bayou, serial_bayou_pond_b,
          serial_bayou_crossing, serial_bayou_shore_b, serial_bayou_lagoon_b
D:4:      layout_cave_pools, gammafunk_temple_overflow_wave,
          ebering_ghost_rock_garden

Skill      XL: |  1  2 |
---------------+-------+-----
Polearms       | 5 |  5.2
Fighting       | |  3.8
Armour         | |  1.6
Dodging        | |  2.9
Stealth        | |  0.2

Action                   || total
-------------------------++-------
Melee: Spear             ||    88
Invok: Berserk           ||     2
  Use: Potion            ||     1
 Stab: Sleeping          ||     2
  Eat: Chunk             ||     2
Armor: Leather armour    ||    10
       Animal skin       ||     7
Dodge: Dodged            ||    58

Table legend:
 A = Non-vault XP
 B = Vault XP
 C = Vault XP percentage of total XP
 D = Non-vault monster count
 E = Vault monster count
 F = Vault count percentage of total count
                 A         B        C        D         E       F
            +---------+---------+-------+---------+---------+-------
      Total |      43 |       1 |   2.3 |      23 |       1 |   4.2
            +---------+---------+-------+---------+---------+-------
        D:1 |      24 |       1 |   4.0 |      14 |       1 |   6.7
        D:2 |       2 |       0 |   0.0 |       2 |       0 |   0.0
        D:3 |      17 |       0 |   0.0 |       7 |       0 |   0.0
            +---------+---------+-------+---------+---------+-------
